 Dungeon Crawl Stone Soup version 0.19-a0-1852-gc11d922 (webtiles) character file.

774 Psiweapon the Carver (level 7, 0/56 HPs)
             Began as a Minotaur Gladiator on Oct 10, 2016.
             Killed from afar by Dowan (7 damage)
             ... with a stone arrow
             ... on level 5 of the Dungeon on Oct 11, 2016.
             The game lasted 00:07:23 (2617 turns).

Psiweapon the Carver (Minotaur Gladiator)           Turns: 2617, Time: 00:07:24

Health: 0/56       AC:  5    Str: 19    XL:     7   Next: 53%
Magic:  6/6        EV: 15    Int:  5    God:
Gold:   168        SH:  0    Dex: 13    Spells: 0 memorised, 6 levels left

rFire  . . .     SeeInvis .     a - +0 long sword
rCold  + . .     Gourm    .     t - +2 leather armour {rC+}
rNeg   . . .     Faith    .     (no shield)
rPois  .         Spirit   .     c - +0 hat
rElec  .         Dismiss  .     (no cloak)
rCorr  .         Reflect  .     (no gloves)
MR     .....     Harm     .     (no boots)
Stlth  +.........               (no amulet)
                                (no ring)
                                n - ring of flight

@: no status effects
A: retaliatory headbutt, horns 2
a: Evoke Flight


You were on level 5 of the Dungeon.
You were hungry.

You visited 1 branch of the dungeon, and saw 5 of its levels.

You collected 168 gold pieces.

Inventory:

Hand Weapons
 a - a +0 long sword (weapon)
 p - a +0 long sword
 x - a +0 arbalest
Missiles
 e - 60 sling bullets
 w - 8 javelins (quivered)
Armour
 b - a +0 leather armour
 c - a +0 hat (worn)
 i - a +1 ring mail of positive energy
 t - a +2 leather armour of cold resistance (worn)
Jewellery
 n - a ring of flight (left hand)
Scrolls
 g - a scroll of noise {unknown}
 h - a scroll of amnesia {unknown}
 j - a scroll of teleportation {unknown}
 k - 5 scrolls of identify {unknown}
 o - a scroll of fear {unknown}
 r - a scroll of recharging {unknown}
 s - a scroll of blinking {unknown}
 u - a scroll of magic mapping {unknown}
 v - 2 scrolls of remove curse {unknown}
Potions
 l - a potion of resistance {unknown}
 m - a potion of magic {unknown}
 z - a potion of degeneration {unknown}
Comestibles
 f - 6 bread rations


   Skills:
 - Level 2.4 Fighting
 * Level 9.0 Long Blades
 - Level 2.0 Throwing
 + Level 6.3 Dodging


You had 6 spell levels left.
You didn't know any spells.

Dungeon Overview and Level Annotations

Branches:
Dungeon (5/15)
 Temple: D:4-7

Altars:

Annotations:
D:5 Dowan


Innate Abilities, Weirdness & Mutations

You reflexively headbutt those who attack you in melee.
You have a pair of horns on your head.


Message History

Throwing (i - inventory. (,) - cycle):
d - a throwing net (quivered)
Press: ? - help, Shift-Dir - straight line, f/p - Duvessa
Aim: Duvessa, wielding a short sword and wearing a ring mail (severely wounded, fast)
You throw a throwing net. The throwing net hits Duvessa.
Duvessa is caught in the net!
Duvessa is severely wounded.
Duvessa struggles against the net.
You hit Duvessa. You headbutt Duvessa.
You kill Duvessa!
Dowan screams, "No!
No!"
Dowan seems to find hidden reserves of power!
Your Long Blades skill increases to level 9!
You hear the rapid hiss of an avalanche of sand nearby.
Dowan breathes, "And she was my only..."
You slash Dowan!
Dowan is moderately wounded.
Dowan hits you but does no damage. Dowan casts a spell at you.
The stone arrow hits you!
You die...

.....#. .).....
#####......#
.........##
.........# .........
#......# #e# #@# #.#
#.# #.# #.#
#.########.#
#.#..........#
#......%.....#######
#...................
#<..................
#........%..........


You could see Dowan.

Vanquished Creatures
  The ghost of WhatIsLove the Shield-Bearer, a novice VSFi (D:5)
  Eustachio (D:5)
  Duvessa (D:5)
  A centaur skeleton (D:4)
  Terence (D:3)
  A worker ant (D:5)
  A hound skeleton (D:5)
  A worker ant zombie (D:5)
  Robin (D:3)
  4 adders
  2 oozes
  A dart slug (D:3)
  3 worms
  2 leopard geckos (D:2)
  2 orcs (D:3)
  A ball python (D:1)
  3 giant cockroaches
  13 goblins
  14 hobgoblins
  4 jackals (D:5)
  A quokka (D:3)
  5 bats
  3 frilled lizards
  A giant cockroach zombie (D:5)
  6 kobolds (D:1)
  A quokka skeleton (D:5)
  9 rats
84 creatures vanquished.

Notes
Turn   | Place    | Note
-------+----------+-------------------------------------------
     0 | D:1      | Psiweapon the Minotaur Gladiator began the quest for the Orb.
     0 | D:1      | Reached XP level 1. HP: 18/18 MP: 0/0
   242 | D:1      | Reached skill level 4 in Long Blades
   257 | D:1      | Reached XP level 2. HP: 25/25 MP: 1/1
   395 | D:1      | Reached XP level 3. HP: 24/30 MP: 2/2
   473 | D:2      | Reached skill level 5 in Long Blades
  1276 | D:3      | Reached XP level 4. HP: 33/37 MP: 3/3
  1299 | D:3      | Noticed Terence
  1309 | D:3      | Killed Terence
  1313 | D:3      | Found a faded altar of an unknown god.
  1547 | D:3      | Noticed Robin
  1560 | D:3      | Killed Robin
  1560 | D:3      | Reached XP level 5. HP: 38/42 MP: 4/4
  1561 | D:3      | Reached skill level 6 in Long Blades
  2130 | D:5      | Entered Level 5 of the Dungeon
  2169 | D:5      | Noticed Eustachio
  2188 | D:5      | Killed Eustachio
  2188 | D:5      | Reached skill level 7 in Long Blades
  2188 | D:5      | Reached skill level 5 in Dodging
  2188 | D:5      | Reached XP level 6. HP: 16/50 MP: 5/5
  2262 | D:4      | HP: 2/50 [centaur skeleton (4)]
  2581 | D:5      | Noticed Dowan
  2583 | D:5      | Noticed WhatIsLove's ghost (novice VSFi)
  2584 | D:5      | Noticed Duvessa
  2604 | D:5      | Killed WhatIsLove's ghost
  2604 | D:5      | Reached skill level 8 in Long Blades
  2604 | D:5      | Reached XP level 7. HP: 24/56 MP: 6/6
  2616 | D:5      | Killed Duvessa
  2616 | D:5      | Reached skill level 9 in Long Blades
  2617 | D:5      | Killed from afar by Dowan

Vault maps used:
D:1:      saegor_arrival_simple_d, corexii_leaking_fountain,
          kennysheep_crisscross
D:2:      minmay_pentomino_w2
D:3:      ecumenical_altar_2, gup_sewer_entry_bubbles, serial_glass,
          glass_columns_b, glass_columns_a, first_bread,
          minmay_tree_intersection, uniq_robin, uniq_terence
D:5:      enter_ossuary_5, basic_altar, kennysheep_small_spiral, uniq_eustachio,
          uniq_duvessa

Skill      XL: |  1  2  3  4  5  6  7 |
---------------+----------------------+-----
Long Blades    | 4 5 7 8 9 |  9.0
Dodging        | 4 5 6 |  6.3
Fighting       | |  2.4
Throwing       | |  2.0

Action                   |  1- 3 |  4- 6 |  7- 9 || total
-------------------------+-------+-------+-------++-------
Melee: Long sword        |    89 |   119 |     9 ||   217
       Headbutt          |    12 |    27 |     2 ||    41
Throw: Throwing net      |       |       |     3 ||     3
  Use: Potion            |       |     1 |     1 ||     2
  Eat: Chunk             |     1 |     4 |       ||     5
Armor: Leather armour    |     4 |     9 |     1 ||    14
       Ring mail         |    30 |    41 |       ||    71
Dodge: Dodged            |    59 |   126 |     3 ||   188
       Rpst.: Long sword |    14 |    29 |       ||    43
